Description

VERY strong timing attack. Works best vs Zerg but wins often vs others too. Follow up with more chargelots, and if you hit a wall, contain opponent and expand behind this + add a gas.

Build Order

Get SALT Encoding   

  12  0:00  Probe  
  13  0:12  Probe  
  14  0:18  Pylon  
  14  0:24  Probe  
  15  0:28  Assimilator  
  15  0:36  Probe (Chrono Boost)  
  16  0:44  Probe  
  17  0:46  Gateway  Send 3 probes to gas
  17  0:53  Probe  
  18  1:01  Gateway  
  18  1:04  Probe  
  19  1:12  Pylon  
  19  1:34  Zealot, Cybernetics Core  
  21  1:39  Forge  
  21  1:47  Zealot  
  23  2:00  Zealot  
  25  2:10  Twilight Council  
  25  2:11  Protoss Ground Weapons Level 1 (Chrono Boost)  
  25  2:14  Zealot  
  27  2:46  Charge (Chrono Boost)  
  27  2:47  Pylon  
  27  2:59  Warp Gate (Chrono Boost)  
  27  3:11  Gateway x3, Zealot  
  29  3:15  Zealot  
  31  3:22  Pylon  
  31  3:37  Sentry  
  33  3:42  Zealot  
  35  3:57  Zealot x3  
  41  3:59  Pylon  Build this pylon close to their base
  41  4:13  Warp Gate (Chrono Boost)  
  41  4:25  Stalker x2, Zealot x2  
Spawning Tool Build Advisor. Get it on Overwolf

Go to:

Details

  • Created by: SistaBossen
  • Published on: Nov 18, 2021
  • Modified on: Nov 18, 2021
  • Patch: 4.11.0
  • Difficulty: Medium
Show
View Real Time Build Order
Export as new Build Order

Comments (0)

There are no comments. Be the first!

Create an account to comment!